 Dungeon Crawl Stone Soup version 0.30-a0-475-g03497ec522 (webtiles) character file.

Game seed: 16843104859280241031

329 billz999 the Insei (level 6, -10/47 HPs)
             Began as a Djinni Transmuter on Dec 20, 2022.
             Was an Initiate of Ashenzari.
             Mangled by an ogre
             ... wielding a +0 giant club
              (30 damage)
             ... on level 4 of the Dungeon.
             The game lasted 00:09:36 (3268 turns).

billz999 the Insei (Djinni Transmuter)              Turns: 3268, Time: 00:09:36

Health: -10/47     AC:  2    Str:  9    XL:     6   Next: 80%
Gold:   215        EV: 19    Int: 17    God:    Ashenzari [......] SH:  0 Dex: 18

rFire   . . .      SeeInvis .      - Unarmed
rCold   . . .      Faith    .    (shield currently unavailable)
rNeg    . . .      Spirit   .    (body armour currently unavailable)
rPois   ∞          Reflect  .    (helmet currently unavailable)
rElec   .          Harm     .    (cloak currently unavailable)
rCorr   .          Rampage  .    (gloves currently unavailable)
Will    .....                    (boots unavailable)
Stlth   ++........               (no amulet)
HPRegen 0.27/turn                (no ring)
MPRegen 0.00/turn                (no ring)

@: spider-form, flying
A: venomous fangs, flying, sickness immunity, tiny, (fire resistance 2), (cold
vulnerability 1), float, innate caster, HP casting, extra vitality 1
a: End Transformation, Renounce Religion, Curse Item


You were on level 4 of the Dungeon.
You worshipped Ashenzari.
Ashenzari was noncommittal.
You were a venomous arachnid creature.
You visited 1 branch of the dungeon, and saw 4 of its levels.

You collected 215 gold pieces.

Inventory:

Hand Weapons
 l - a +0 dagger of electrocution
Armour
 a - a +0 robe (melded)
 i - a +0 helmet (melded)
Magical Staves
 d - a staff of cold
 m - a staff of death
Scrolls
 b - a scroll of fear {unknown}
 e - a scroll of immolation {unknown}
 g - a scroll of vulnerability {unknown}
 h - 3 scrolls of identify {unknown}
 j - a scroll of teleportation {unknown}
 n - a scroll of poison {unknown}
Potions
 c - 2 potions of curing {unknown}
 f - a potion of heal wounds
 k - a potion of brilliance {unknown}


   Skills:
 + Level 3.9 Fighting
 - Level 2.1 Dodging
 + Level 4.6 Unarmed Combat
 - Level 3.0 Spellcasting


You couldn't memorise any spells.
You knew the following spells:

 Your Spells              Type           Power      Damage    Failure   Level
a - Beastly Appendage     Tmut           24%        N/A       14%         1
b - Wereblood             Tmut           12%        N/A       21%         2
c - Spider Form           Tmut/Pois      12%        N/A       34%         3
d - Ice Form              Ice/Tmut       12%        N/A       67%         4
e - Foxfire               Conj/Fire      48%        2x1d6     14%         1
f - Ensorcelled Hibernat  Hex/Ice        24%        N/A       21%         2
Your spell library was empty.

Dungeon Overview and Level Annotations

Branches:
Dungeon (4/15)
 Temple: D:4-7

Altars:
Ashenzari
Hepliaklqana


Innate Abilities, Weirdness & Mutations

You are a venomous arachnid creature.
You have poisonous fangs.
You are tiny and dextrous.
You are flying.
Your spellcasting is less reliable in this form.
Your armour is entirely melded.
You are incapable of wielding weapons or throwing items.
You are immune to sickness and miasma.
You are immune to poison.
((Your flesh is very heat resistant. (rF++)))
((You are vulnerable to cold. (rC-)))
You float through the air rather than walking.
You learn spells naturally, not from books.
Your magical power is your life essence.
You have superior vitality. (+4 MHP)


Message History

The foxfire hits the ufetubus but does no damage.
The foxfire hits the ufetubus.
The ufetubus is lightly wounded.
The ufetubus closely misses you. x2
Casting: Foxfire (safe; 4% risk of failure)
Confirm with . or Enter, or press ? or * to list all spells.
Okay, then.
Casting: Foxfire (safe; 4% risk of failure)
Confirm with . or Enter, or press ? or * to list all spells.
You turn into a venomous arachnid creature.
Your +0 helmet melds into your body.
Your +0 robe melds into your body.
The ufetubus completely misses you. x2
You hit the ufetubus.
The ufetubus is poisoned.
The ufetubus is heavily wounded.
You kill the ufetubus!
You hit the ogre but do no damage. The ogre hits you with a +0 giant club!
The orc priest calls down the wrath of Beogh upon you.
Beogh smites you!
Casting: Spider Form (quite dangerous; 34% risk of failure)
Confirm with . or Enter, or press ? or * to list all spells.
You conjure some foxfire!
Your foxfire dissipates!
The foxfire hits the orc.
The orc is heavily wounded.
Casting: Foxfire (safe; 14% risk of failure)
Confirm with . or Enter, or press ? or * to list all spells.
You conjure some foxfire!
The ogre closely misses you. The orc hits you with a +0 club.
The orc priest calls upon Beogh to heal the orc.
The orc's wounds heal themselves!
You hear a shout!
The foxfire hits the orc.
The orc is severely wounded.
The foxfire hits the orc.
You kill the orc!
You hit the ogre.
The ogre is poisoned.
The ogre is lightly wounded.
The ogre hits you with a +0 giant club!!
Ouch! That really hurt!
You die...

.......#####.#.####.##
))..................#
.)..####...#.#...##.#
....# ###...#...##.#
....# ###.#......## .
##### #.....##..# ..
#.......#.# #..
##....#...# .[
#....sO...#+#.#
#........o..$.#
#.............#
#.......).....#
#....."...#...#
###.###...#...# #.
#.###...# ## #..
...... .#########.


You could see an ogre (very poisoned) and an orc priest.

Vanquished Creatures
  A vampire bat (D:3)
  An iguana (D:4)
  4 gnolls
  7 adders
  An ufetubus (D:4)
  A worm (D:2)
  2 dart slugs (D:2)
  3 fire bats (D:3)
  2 orcs
  2 spectral bats (D:3)
  6 ball pythons
  13 bats
  3 bat skeletons (D:3)
  A bat zombie (D:3)
  3 endoplasms
  6 giant cockroaches
  4 hobgoblins
  5 jackals (D:1)
  A quokka (D:2)
  A bat simulacrum (D:3)
  2 frilled lizards
  6 goblins
  10 kobolds
  2 rats (D:1)
87 creatures vanquished.

Vanquished Creatures (others)
  84 foxfires
84 creatures vanquished.

Grand Total: 171 creatures vanquished

Notes
Turn   | Place    | Note
-------+----------+-------------------------------------------
     0 | D:1      | billz999 the Djinni Transmuter began the quest for the Orb.
     0 | D:1      | billz999 set off with the following spells memorised:
                  | Beastly Appendage, Wereblood, Spider Form, Ice Form.
     0 | D:1      | Reached XP level 1. HP: 17/17 MP: 0/0
   233 | D:1      | Reached XP level 2. HP: 19/23 MP: 0/0
   562 | D:1      | Reached XP level 3. HP: 17/28 MP: 0/0
   562 | D:1      | Learned a level 1 spell: Foxfire
  1203 | D:2      | Reached XP level 4. HP: 10/33 MP: 0/0
  2188 | D:2      | Upgraded the game from 0.30-a0-469-g84de5afbc5 to
                  | 0.30-a0-475-g03497ec522
  2239 | D:3      | Reached XP level 5. HP: 38/39 MP: 0/0
  2239 | D:3      | Learned a level 2 spell: Ensorcelled Hibernation
  2628 | D:3      | Found a faded altar of an unknown god.
  2629 | D:3      | Found a faded altar of an unknown god.
  2631 | D:3      | Found a hazy altar of Hepliaklqana.
  2643 | D:3      | Prayed at the altar of an unknown god.
  2643 | D:3      | Became a worshipper of Ashenzari the Shackled
  2837 | D:3      | Reached skill level 4 in Unarmed Combat
  2837 | D:3      | Reached XP level 6. HP: 46/46 MP: 0/0
  3255 | D:4      | Noticed an ogre
  3268 | D:4      | Mangled by an ogre

Illustrated notes

Levels and vault maps discovered:
D:1:      dpeg_arrival_morbid_curiosity, layout_loops_ring, minmay_tetromino_t4
D:2:      layout_loops_ring, minmay_small_reverse_x
D:3:      layout_basic, nicolae_hepliaklqana_ecumenical_no_more, goddamned_bats
D:4:      layout_basic, nicolae_qazlal_general_emergency,
          mainiacjoe_overflow_surrounded_room

Skill      XL: |  1  2  3  4  5 |
---------------+----------------+-----
Fighting       | 2 3 |  3.9
Spellcasting   | 2 3 |  3.0
Unarmed Combat | 4 |  4.6
Dodging        | |  2.1

Action                   |  1- 3 |  4- 6 || total
-------------------------+-------+-------++-------
Melee: Unarmed           |   110 |   104 ||   214
       Headbutt          |     6 |    13 ||    19
       Punch             |     2 |     2 ||     4
 Cast: Beastly Appendage |    12 |    16 ||    28
       Wereblood         |     2 |     5 ||     7
       Foxfire           |     6 |    55 ||    61
       Spider Form       |       |     2 ||     2
       Ensorcelled Hiber |       |     1 ||     1
  Use: Potion            |     3 |       ||     3
 Stab: Sleeping          |     2 |       ||     2
Armor: Robe              |    14 |    39 ||    53
       Skin              |     8 |     1 ||     9
Dodge: Dodged            |    78 |   124 ||   202

Table legend: (Time is in decaauts)
 A = Elapsed time spent in this place.
 B = Non-inter-level travel time spent in this place.
 C = Inter-level travel time spent in this place.
 D = Time resting spent in this place.
 E = Time spent auto-exploring this place.
 F = Levels seen in this place.
 G = Mean time per level.
                   A        B        C        D        E       F      G
               +--------+--------+--------+--------+--------+-----+--------+
         Total |   3236 |   3105 |    131 |    387 |   2085 |   4 |  809.0 |
       Dungeon |   3236 |   3105 |    131 |    387 |   2085 |   4 |  809.0 |
               +--------+--------+--------+--------+--------+-----+--------+

Top non-repeatable levels by time:
     D:2: 1171 daAuts
     D:1: 1036 daAuts
     D:3: 798 daAuts
     D:4: 229 daAuts
